 Dungeon Crawl Stone Soup version 0.32-a0-314-g526f7d4993 (webtiles) character file.

Game seed: 5037565029979284209

37 dogverified the Cudgeller (level 3, -1/3 (22) HPs)
             Began as a Gargoyle Reaver on Feb 16, 2024.
             Slain by a hobgoblin (2 damage)
             ... on level 1 of the Dungeon.
             The game lasted 00:04:20 (305 turns).

dogverified the Cudgeller (Gargoyle Reaver)          Turns: 305, Time: 00:04:20

HP:   -1/3 (22)     AC:  6    Str: 15    XL:     3   Next: 41%
MP:   2/6           EV: 11    Int: 15    God:
Gold: 20            SH:  0    Dex:  8    Spells: 0/6 levels left

rFire   . . .        a - +0 mace
rCold   . . .        (no shield)
rNeg    + . .        b - +0 leather armour
rPois   ∞            (no helmet)
rElec   +            (no cloak)
rCorr   .            (no gloves)
SInv    .            (no boots)
Will    .....        (no amulet)
Stlth   +            (no ring)
HPRegen 0.20/turn    (no ring)
MPRegen 0.10/turn

%: no passive effects
@: very slightly contaminated, extremely drained
A: sickness immunity, AC +3, negative energy resistance 1, electricity
resistance, torment resistance 1, petrification resistance
a: no special abilities


You were on level 1 of the Dungeon.
You visited 1 branch of the dungeon, and saw 1 of its levels.

You collected 20 gold pieces.

Inventory:

Hand Weapons
 a - a +0 mace (weapon)
Armour
 b - a +0 leather armour (worn)
Scrolls
 d - a scroll of teleportation {unknown}
Potions
 c - a potion of curing {unknown}


   Skills:
 + Level 2.7 Fighting
 + Level 3.7 Maces & Flails
 - Level 1.2 Armour
 - Level 1.5 Dodging
 - Level 2.0 Spellcasting
 * Level 3.4 Conjurations


You couldn't memorise any spells.
You knew the following spells:

 Your Spells              Type           Power      Damage    Failure   Level
a - Kiss of Death         Conj/Necr      24%        2d7       14%         1
b - Momentum Strike       Conj/Tloc      12%        3d8       21%         2
c - Hailstorm             Conj/Ice       6%         3d5       38%         3

Your spell library contained the following spells:

 Spells                   Type           Power      Damage    Failure   Level
 Blink                    Tloc           2%         N/A       38%         2
 Lesser Beckoning         Tloc           2%         N/A       38%         2


Dungeon Overview and Level Annotations

Branches:
Dungeon (1/15)

Altars:


Innate Abilities, Weirdness & Mutations

You are immune to sickness and miasma.
Your stone body is resilient. (AC +3)
You are immune to poison.
You resist negative energy. (rN+)
You are resistant to electric shocks. (rElec)
You are resistant to unholy torment.
You are immune to petrification.


Message History

a +0 dagger; a kobold corpse Magic restored.
A hobgoblin comes into view.
Found a book of Spatial Translocations.
The hobgoblin shouts!
A hobgoblin comes into view.
A goblin comes into view. It is wielding a +0 club.
You see here a book of Spatial Translocations.
You pick up a book of Spatial Translocations and begin reading...
You add the spells Blink and Lesser Beckoning to your library.
Casting: Kiss of Death (safe; 14% risk of failure)
Confirm with . or Enter, or press ? or * to list all spells.
Aiming: Kiss of Death (safe; 14% risk of failure)
Press: ? - help, Shift-Dir - straight line, f - hobgoblin
Aim: a hobgoblin (100% to hit)
The fragment of death hits the hobgoblin.
The hobgoblin is drained!
You kill the hobgoblin!
You feel drained.
Casting: Kiss of Death (safe; 14% risk of failure)
Confirm with . or Enter, or press ? or * to list all spells.
Aiming: Kiss of Death (safe; 14% risk of failure)
Press: ? - help, Shift-Dir - straight line, f - goblin
Aim: a goblin, wielding a +0 club (100% to hit)
You miscast Kiss of Death.
You are very lightly contaminated with residual magic.
Nothing appears to happen.
The goblin misses you. The hobgoblin hits you.
Ouch! That really hurt!
Casting: Kiss of Death (safe; 14% risk of failure)
Confirm with . or Enter, or press ? or * to list all spells.
Aiming: Momentum Strike (safe; 21% risk of failure)
Press: ? - help, Dir - move target, f/p - goblin
Aim: a goblin, wielding a +0 club (60% to hit)
The concentrated momentum misses the goblin.
The goblin misses you.
The hobgoblin hits you but does no damage.
You barely miss the goblin. The goblin hits you but does no damage.
The hobgoblin hits you.
Ouch! That really hurt!
You die...

###############
#.....#.......#
#.....#.......#
#.....#.......# ####
#.....# #.#g# ...#
#....^# #.#@######## ...#
#.....###.#g#....... ...#
#...>.........####g.
##'####....###.##.#.g...#
......#....###.#....g.###
ß.ß.ß.###......#..#.#.#
......###.........#.# #
ß.<.ß.).###.#..##...#
......#....))..##..##


You could see a hobgoblin and a goblin.

Vanquished Creatures
  A gnoll (D:1)
  A ball python (D:1)
  2 bats (D:1)
  2 endoplasms (D:1)
  A giant cockroach (D:1)
  2 goblins (D:1)
  2 hobgoblins (D:1)
  2 frilled lizards (D:1)
  2 kobolds (D:1)
15 creatures vanquished.

Notes
Turn   | Place    | Note
-------+----------+-------------------------------------------
     0 | D:1      | dogverified the Gargoyle Reaver began the quest for the
                  | Orb.
     0 | D:1      | Reached XP level 1. HP: 12/12 MP: 3/3
    97 | D:1      | Reached XP level 2. HP: 18/18 MP: 5/5
   133 | D:1      | Reached skill level 1 in Armour
   133 | D:1      | Reached XP level 3. HP: 22/22 MP: 6/6
   141 | D:1      | Learned a level 2 spell: Momentum Strike
   145 | D:1      | Learned a level 3 spell: Hailstorm
   305 | D:1      | Slain by a hobgoblin

Illustrated notes

Levels and vault maps discovered:
D:1:      doesnt_arrival_eight_statues, layout_rooms

Skill      XL: |  1  2 |
---------------+-------+-----
Armour         | 1 |  1.2
Fighting       | |  2.7
Maces & Flails | |  3.7
Dodging        | |  1.5
Spellcasting   | |  2.0
Conjurations   | |  3.4

Action                     || total
---------------------------++-------
  Melee: Mace              ||    30
   Cast: Kiss of Death     ||     5
         Momentum Strike   ||     1
    Use: Potion            ||     2
 Armour: Leather armour    ||    36
  Dodge: Dodged            ||    30

Table legend: (Time is in decaauts)
 A = Elapsed time spent in this place.
 B = Non-inter-level travel time spent in this place.
 C = Inter-level travel time spent in this place.
 D = Time resting spent in this place.
 E = Time spent auto-exploring this place.
 F = Levels seen in this place.
 G = Mean time per level.
                   A        B        C        D        E       F      G
               +--------+--------+--------+--------+--------+-----+--------+
         Total |    311 |    311 |      0 |      0 |     93 |   1 |  311.0 |
       Dungeon |    311 |    311 |      0 |      0 |     93 |   1 |  311.0 |
               +--------+--------+--------+--------+--------+-----+--------+

Top non-repeatable levels by time:
     D:1: 311 daAuts
